 Dungeon Crawl Stone Soup version 0.27-a0-385-g3208abaabc (webtiles) character file.

Game seed: 17893648548910787742

64 ReteAZ the Fighter (level 4, 0/48 HPs)
             Began as a Gnoll Wanderer on Feb 19, 2021.
             Slain by a hobgoblin
             ... wielding a +0 club
             ... led by Robin
              (5 damage)
             ... on level 1 of the Dungeon.
             The game lasted 00:02:39 (1409 turns).

ReteAZ the Fighter (Gnoll Wanderer)                 Turns: 1409, Time: 00:02:39

Health: 0/48       AC:  2    Str: 11    XL:     4   Next: 12%
Magic:  5/5        EV: 11    Int: 13    God:
Gold:   59         SH:  8    Dex: 11    Spells: 5/5 levels left

rFire    . . .     SeeInvis .   a - +0 falchion
rCold    . . .     Faith    .   b - +0 kite shield
rNeg     . . .     Spirit   .   d - +0 robe
rPois    .         Reflect  .   (no helmet)
rElec    .         Harm     .   (no cloak)
rCorr    .         Rampage  .   (no gloves)
Will     .....                  (no boots)
Stlth    +.........             (no amulet)
HPRegen  0.16/turn              (no ring)
MPRegen  0.09/turn              (no ring)

@: no status effects
A: distributed training, fangs 1, strong nose
a: no special abilities


You were on level 1 of the Dungeon.
You visited 1 branch of the dungeon, and saw 2 of its levels.

You collected 59 gold pieces.

Inventory:

Hand Weapons
 a - a +0 falchion (weapon)
Armour
 b - a +0 kite shield (worn)
 d - a +0 robe (worn)
Scrolls
 e - a scroll of fear {unknown}
 h - a scroll of blinking {unknown}
 j - a scroll of immolation {unknown}
Potions
 c - a potion of lignification
 f - a potion of flight {unknown}
 g - 2 potions of heal wounds {unknown}
 i - a potion of curing {unknown}


   Skills:
 + Level 10.4 Fighting
 + Level 2.7 Short Blades
 + Level 1.0 Long Blades
 + Level 1.0 Axes
 + Level 1.0 Maces & Flails
 + Level 1.0 Polearms
 + Level 1.0 Staves
 + Level 1.0 Slings
 + Level 1.0 Bows
 + Level 1.0 Crossbows
 + Level 1.0 Throwing
 + Level 1.0 Armour
 + Level 4.6 Dodging
 + Level 1.0 Stealth
 + Level 2.7 Shields
 + Level 1.0 Unarmed Combat
 + Level 1.0 Spellcasting
 + Level 0.8 Conjurations
 + Level 0.8 Hexes
 + Level 0.8 Summonings
 + Level 0.8 Necromancy
 + Level 0.8 Translocations
 + Level 0.8 Transmutations
 + Level 0.8 Fire Magic
 + Level 0.8 Ice Magic
 + Level 0.8 Air Magic
 + Level 0.8 Earth Magic
 + Level 0.8 Poison Magic
 + Level 1.1 Invocations
 + Level 2.7 Evocations


You had 5 spell levels left.
You didn't know any spells.
Your spell library was empty.

Dungeon Overview and Level Annotations

Branches:
Dungeon (2/15)

Altars:

Annotations:
D:2 Robin


Innate Abilities, Weirdness & Mutations

Your experience applies equally to all skills.
You have very sharp teeth.
Your uncanny sense of smell can sniff out nearby items.


Message History

A goblin comes into view. It is wielding a +0 club.
A goblin comes into view.
Robin roars a battlecry!
The goblins go into a battle-frenzy!
A kobold comes into view. It is wielding a +0 dagger.
The kobold moves out of view.
There is a stone staircase leading up here.
You climb upwards.
There is a stone staircase leading down here.
The goblin completely misses you. You block the hobgoblin's attack.
Things that are here:
a +0 club; a goblin skeleton You are too injured to fight recklessly!
You are too injured to fight recklessly!
You are too injured to fight recklessly!
You are too injured to fight recklessly!
You are too injured to fight recklessly!
You are too injured to fight recklessly!
You are too injured to fight recklessly!
You are too injured to fight recklessly!
You are too injured to fight recklessly!
You are too injured to fight recklessly!
You are too injured to fight recklessly!
You are too injured to fight recklessly!
You are too injured to fight recklessly!
You are too injured to fight recklessly!
You are too injured to fight recklessly!
You closely miss the goblin. The goblin hits you with a +0 dagger.
You barely miss the goblin.
The hobgoblin no longer looks unusually strong.
You block the goblin's attack. The goblin hits you with a +0 dagger.
* * * LOW HITPOINT WARNING * * *
You hit the goblin.
You kill the goblin!
You hit the hobgoblin.
The hobgoblin is almost dead.
The hobgoblin hits you with a +0 club.
* * * LOW HITPOINT WARNING * * *
The hobgoblin hits you with a +0 club.
You die...

###............#
##############.# ...#
#.# .#.# #.# .#.####
#####.######
.#....####..........###
#####........(........#
.#....####..#..####...#
.#.....###......@g....#
.#.##......>[.####.รท..#
....#..###....# #.)..#
.[..........#.# #....#
....#..###....# #...>#
..............# #...##
..##...###.#######...#
.......# #...........##
.......# ###..........##


You could see a hobgoblin.

Vanquished Creatures
  A worm (D:2)
  2 dart slugs
  2 leopard geckos (D:1)
  3 giant cockroaches (D:1)
  7 goblins
  5 hobgoblins
  8 jackals
  A quokka (D:2)
  2 ball pythons
  6 bats (D:1)
  4 frilled lizards (D:1)
  6 kobolds
  2 rats (D:1)
49 creatures vanquished.

Notes
Turn   | Place    | Note
-------+----------+-------------------------------------------
     0 | D:1      | Reached skill level 10 in Fighting
     0 | D:1      | ReteAZ the Gnoll Wanderer began the quest for the Orb.
     0 | D:1      | ReteAZ set off with the following items: a +0 falchion, a
                  | +0 kite shield, a potion of lignification, a +0 robe
     0 | D:1      | Reached XP level 1. HP: 28/28 MP: 1/1
   243 | D:1      | Reached XP level 2. HP: 36/36 MP: 2/2
   398 | D:1      | Reached XP level 3. HP: 27/42 MP: 3/3
  1047 | D:1      | Reached skill level 1 in Invocations
  1110 | D:2      | Reached skill level 1 in Long Blades
  1110 | D:2      | Reached skill level 1 in Axes
  1110 | D:2      | Reached skill level 1 in Maces & Flails
  1110 | D:2      | Reached skill level 1 in Polearms
  1110 | D:2      | Reached skill level 1 in Staves
  1110 | D:2      | Reached skill level 1 in Slings
  1110 | D:2      | Reached skill level 1 in Bows
  1110 | D:2      | Reached skill level 1 in Crossbows
  1110 | D:2      | Reached skill level 1 in Throwing
  1110 | D:2      | Reached skill level 1 in Armour
  1110 | D:2      | Reached skill level 1 in Stealth
  1110 | D:2      | Reached skill level 1 in Unarmed Combat
  1110 | D:2      | Reached skill level 1 in Spellcasting
  1364 | D:2      | Reached XP level 4. HP: 48/48 MP: 5/5
  1386 | D:2      | Noticed Robin
  1409 | D:1      | Slain by a hobgoblin

Illustrated notes

Levels and vault maps discovered:
D:1:      giann_wishing_wells, layout_loops_ring
D:2:      layout_basic, eat_drink_and_be_merry_uskayaw,
          chequers_ecumenical_altar_island, corexii_leaking_fountain,
          uniq_robin, uniq_natasha

Skill      XL: |  1  2  3 |
---------------+----------+-----
Fighting       | | 10.4
Invocations    | 1 |  1.1
Long Blades    | 1 |  1.0
Axes           | 1 |  1.0
Maces & Flails | 1 |  1.0
Polearms       | 1 |  1.0
Staves         | 1 |  1.0
Slings         | 1 |  1.0
Bows           | 1 |  1.0
Crossbows      | 1 |  1.0
Throwing       | 1 |  1.0
Armour         | 1 |  1.0
Stealth        | 1 |  1.0
Unarmed Combat | 1 |  1.0
Spellcasting   | 1 |  1.0
Short Blades   | |  2.7
Dodging        | |  4.6
Shields        | |  2.7
Conjurations   | |  0.8
Hexes          | |  0.8
Summonings     | |  0.8
Necromancy     | |  0.8
Translocations | |  0.8
Transmutations | |  0.8
Fire Magic     | |  0.8
Ice Magic      | |  0.8
Air Magic      | |  0.8
Earth Magic    | |  0.8
Poison Magic   | |  0.8
Evocations     | |  2.7

Action                   |  1- 3 |  4- 6 || total
-------------------------+-------+-------++-------
Melee: Falchion          |   161 |    19 ||   180
       Bite              |    11 |     2 ||    13
 Stab: Sleeping          |     1 |       ||     1
Armor: Robe              |    38 |       ||    38
Dodge: Dodged            |   132 |     7 ||   139
Block: Kite shield       |   105 |    16 ||   121
       Rpst.: Falchion   |    41 |     2 ||    43

Table legend: (Time is in decaauts)
 A = Elapsed time spent in this place.
 B = Non-inter-level travel time spent in this place.
 C = Inter-level travel time spent in this place.
 D = Time resting spent in this place.
 E = Time spent auto-exploring this place.
 F = Levels seen in this place.
 G = Mean time per level.
                   A        B        C        D        E       F      G
               +--------+--------+--------+--------+--------+-----+--------+
         Total |   1502 |   1495 |      7 |    197 |    880 |   2 |  751.0 |
       Dungeon |   1502 |   1495 |      7 |    197 |    880 |   2 |  751.0 |
               +--------+--------+--------+--------+--------+-----+--------+

Top non-repeatable levels by time:
     D:1: 1358 daAuts
     D:2: 144 daAuts
